 Dungeon Crawl Stone Soup version 0.18-b1-14-g029dad2 (webtiles) character file.

7825 RudyRod the Thaumaturge (level 11, -2/71 HPs)
             Began as a Demonspawn Necromancer on Apr 30, 2016.
             Was a Priest of Vehumet.
             Slain by Erica
             ... wielding a +2 scimitar of flaming
              (12 damage)
             ... on level 9 of the Dungeon.
             The game lasted 01:53:58 (10217 turns).

RudyRod the Thaumaturge (Demonspawn Necromancer)   Turns: 10217, Time: 01:53:58

Health: -2/71      AC:  8    Str: 15    XL:     11   Next: 1%
Magic:  33/33      EV: 15    Int: 19    God:    Vehumet [***...]
Gold:   526        SH:  4    Dex: 13    Spells: 7 memorised, 10 levels left

rFire  . . .     SeeInvis .     U - +8 flail "Orb Guardian's Death" {crush, +Fly rC+}
rCold  + . .     Gourm    .     a - +2 robe
rNeg   . . .     Faith    .     g - +0 buckler
rPois  .         Spirit   .     E - +2 hat
rElec  .         Dismiss  .     n - +0 cloak
rCorr  .         Reflect  .     u - +0 pair of gloves
SustAt .         Harm     .     (no boots)
MR     .....                    i - amulet of regeneration
Stlth  ++........               q - ring of magical power
                                H - +2 ring of evasion

@: mighty, very slightly contaminated, slowed, very slow, not resistant to
hostile enchantments, unstealthy
A: claws 2, powered by pain 1, spiny 2
a: Renounce Religion, Evoke Flight


You were on level 9 of the Dungeon.
You worshipped Vehumet.
Vehumet was most pleased with you.
You were hungry.

You visited 2 branches of the dungeon, and saw 11 of its levels.

You collected 682 gold pieces.
You spent 156 gold pieces at shops.

Inventory:

Hand Weapons
 k - a +4 quarterstaff of chaos
 y - a +2 whip of freezing
 U - the +8 flail "Orb Guardian's Death" (weapon) {crush, +Fly rC+}
   (You found it on level 8 of the Dungeon)

   It inflicts extra damage upon your enemies.
   It protects you from cold.
   It lets you fly.
Armour
 a - a +2 robe (worn)
 g - a +0 buckler (worn)
 n - a +0 cloak (worn)
 r - a +1 robe of magic resistance
 u - a +0 pair of gloves (worn)
 B - a +1 leather armour of cold resistance
 E - a +2 hat (worn)
 J - a +0 robe of positive energy
Jewellery
 i - an amulet of regeneration (around neck)
 q - a ring of magical power (right hand)
 A - an uncursed ring of resist corrosion
 H - a +2 ring of evasion (left hand)
 Q - an uncursed ring of protection from magic
Wands
 m - a wand of polymorph (7/24)
 R - a wand of disintegration (12/24)
Scrolls
 d - a scroll of fear {unknown}
 e - 5 scrolls of enchant weapon
 l - 2 scrolls of enchant armour
 I - 4 scrolls of remove curse
 L - 2 scrolls of blinking {unknown}
 M - 3 scrolls of recharging {unknown}
 P - a scroll of immolation {unknown}
 S - a scroll of identify
 T - a scroll of fog {unknown}
 X - 3 scrolls of teleportation
Potions
 f - 2 potions of brilliance {unknown}
 h - a potion of lignification {unknown}
 s - 7 potions of degeneration {unknown}
 t - 2 potions of curing
 v - a potion of resistance {unknown}
 z - a potion of cancellation {unknown}
 D - 2 potions of agility {unknown}
 F - a potion of berserk rage {unknown}
 W - a potion of haste {unknown}
Books
 b - a book of Necromancy

   Spells                             Type                      Level
   a - Pain                           Necromancy                   1
   b - Animate Skeleton               Necromancy                   1
   c - Vampiric Draining              Necromancy                   3
   d - Regeneration                   Charms/Necromancy            3
   e - Animate Dead                   Necromancy                   4
   f - Control Undead                 Necromancy                   4
 o - a book of the Tempests

   Spells                             Type                      Level
   a - Static Discharge               Conjuration/Air              3
   b - Lightning Bolt                 Conjuration/Air              5
   c - Fireball                       Conjuration/Fire             5
   d - Tornado                        Air                          9
   e - Shatter                        Earth                        9
 N - a book of Envenomations

   Spells                             Type                      Level
   a - Spider Form                    Transmutation/Poison         3
   b - Olgreb's Toxic Radiance        Poison                       4
   c - Alistair's Intoxication        Transmutation/Poison         5
   d - Poisonous Cloud                Conjuration/Poison/Air       6
 Y - a book of Misfortune

   Spells                             Type                      Level
   a - Confusing Touch                Hexes                        2
   b - Confuse                        Hexes                        3
   c - Gell's Gravitas                Hexes/Translocation          3
   d - Petrify                        Transmutation/Earth          4
   e - Metabolic Englaciation         Hexes/Ice                    5
   f - Yara's Violent Unravelling     Hexes/Transmutation          5
Comestibles
 c - 10 bread rations
 j - 3 chunks of flesh
 w - 4 slices of pizza
 x - 2 fruits
 C - 3 meat rations
 V - 4 royal jellies


   Skills:
 + Level 1.4 Fighting
 + Level 0.8 Maces & Flails
 + Level 3.8 Dodging
 + Level 2.4 Stealth
 + Level 1.2 Shields
 + Level 9.9 Spellcasting
 + Level 6.4 Conjurations
 + Level 9.8 Necromancy
 * Level 1.1 Fire Magic
 + Level 6.0 Air Magic


You had 10 spell levels left.
You knew the following spells:

 Your Spells              Type           Power        Failure   Level  Hunger
a - Pain                  Necr           ####         1%          1    None
b - Vampiric Draining     Necr           #####.....   1%          3    None
c - Animate Dead          Necr           N/A          1%          4    ###....
d - Static Discharge      Conj/Air       ####....     1%          3    None
e - Shock                 Conj/Air       ####         1%          1    None
f - Searing Ray           Conj           ####..       1%          2    None
g - Fireball              Conj/Fire      ###.......   26%         5    #####..


Dungeon Overview and Level Annotations

Branches:
Dungeon (10/15)            Temple (1/1) D:4
   Lair: D:8-11         Orc: D:9-12

Altars:
Ashenzari
Cheibriados
Dithmenos
Elyvilon
Fedhas
Gozag
Kikubaaqudgha
Makhleb
Nemelex Xobeh
Okawaru
Pakellas
Qazlal
Ru
Sif Muna
Trog
Vehumet
Xom
Yredelemnul
Zin
The Shining One

Shops:
D:7 ?

Annotations:
D:9 exclusions: eye of draining and ice statue, Erica
D:10 Snorg


Innate Abilities, Weirdness & Mutations

You have very sharp fingernails.
You sometimes gain a little power by taking damage.
You are mostly covered in sharp spines.


Message History

Erica is almost dead.
Erica casts a spell at you.
You are confused.
Erica casts a spell.
Erica flickers and vanishes!
Deactivating autopickup; reactivate with Ctrl-A.
You completely miss something. Something hits you. Something burns you.
Something hits you!
* * * LOW HITPOINT WARNING * * *
Something burns you.
* * * LOW HITPOINT WARNING * * *
Drink which item? (? for menu, Esc to quit)
You feel very mighty all of a sudden. Something hits you!
* * * LOW HITPOINT WARNING * * *
Something burns you.
* * * LOW HITPOINT WARNING * * *
Drink which item? (? for menu, Esc to quit)
You feel better. Something hits you!
You die...

# #......###.....#####..........
# #.....†>.#.....##.##..........
####........##...###.##......)...
.............#...# #.##........##
.............##.## #.##........#
.../..........#_# #.##(.....[.#
..............### #.##......).#
...............#####.##......:.##
...............#@{...........[...
..........).................[....
..............#####..###....[....
..............# #..# #........#
..............# #..# #........#
..............# #..# #........#
..............# #..# #........#
..........[...# #..###........#
..............#####.............)


There were no monsters in sight!

Vanquished Creatures
  The ghost of barb4r1an the Arsonist, a novice GrFE (D:8)
  An unseen horror (D:9)
  Pikel (D:4)
  Joseph (D:10)
  A two-headed ogre (D:10)
  Grinder (D:4)
  A wyvern (D:10)
  Eustachio (D:4)
  A warg (D:9)
  Duvessa (D:7)
  A water moccasin (D:7)
  An ice beast (D:5)
  3 orc warriors
  3 slaves (D:4)
  2 sky beasts
  A necrophage (D:7)
  An eye of draining (D:9)
  A phantom (D:10)
  8 ogres
  2 centaurs
  4 giant frogs
  A gnoll sergeant (D:6)
  Dowan (D:7)
  5 scorpions
  3 killer bees (D:8)
  A troll skeleton (D:9)
  13 wights
  2 vampire bats (D:3)
  3 spriggan skeletons (D:9)
  2 crimson imps
  A giant frog zombie (D:9)
  2 quasits
  5 orc priests
  Crazy Yiuf (D:2)
  3 giant frog skeletons
  6 hounds
  3 jellies
  4 orc wizards
  2 centaur skeletons
  4 iguanas
  Natasha (thrice) (D:1)
  5 worker ants
  A hound skeleton (D:9)
  A worker ant zombie (D:9)
  11 adders
  7 gnolls
  An ooze (D:3)
  2 adder skeletons
  An adder zombie (D:8)
  4 worms
  3 dart slugs
  5 giant geckos
  48 orcs
  2 ball pythons
  11 bats
  3 bat skeletons (D:3)
  2 bat zombies (D:3)
  7 giant cockroaches
  8 goblins
  11 hobgoblins
  6 jackals
  7 kobolds
  A quokka (D:9)
  8 giant newts
  12 rats
  A spectral orc (D:8)
270 creatures vanquished.

Vanquished Creatures (collateral kills)
  A wyvern (D:8)
  A wight (D:7)
  A centaur skeleton (D:9)
  2 orc priests (D:8)
  An orc wizard (D:8)
  A gnoll (D:3)
  An orc (D:8)
8 creatures vanquished.

Vanquished Creatures (others)
  A quasit (D:10)
  An orc (D:9)
  A quokka skeleton (D:4)
3 creatures vanquished.

Grand Total: 281 creatures vanquished

Notes
Turn   | Place    | Note
--------------------------------------------------------------
     0 | D:1      | RudyRod the Demonspawn Necromancer began the quest for the Orb.
     0 | D:1      | Reached XP level 1. HP: 13/13 MP: 3/3
   445 | D:1      | Gained mutation: You are partially covered in sharp spines. [demonic ancestry]
   445 | D:1      | Reached XP level 2. HP: 17/19 MP: 1/5
   805 | D:1      | Reached skill level 5 in Necromancy
   906 | D:1      | Gained mutation: You passively map a small area around you. [potion of mutation]
   906 | D:1      | Gained mutation: You occasionally shout uncontrollably at your foes. [potion of mutation]
   939 | D:1      | Gained mutation: You are somewhat resistant to further mutation. [potion of beneficial mutation]
  1060 | D:1      | Reached XP level 3. HP: 16/24 MP: 4/6
  1201 | D:1      | Lost mutation: You occasionally shout uncontrollably at your foes. [potion of cure mutation]
  1201 | D:1      | Lost mutation: You passively map a small area around you. [potion of cure mutation]
  1201 | D:1      | Lost mutation: You are somewhat resistant to further mutation. [potion of cure mutation]
  1204 | D:2      | Noticed Natasha
  1215 | D:1      | Killed Natasha
  1507 | D:2      | Gained mutation: You have sharp fingernails. [demonic ancestry]
  1507 | D:2      | Reached XP level 4. HP: 27/30 MP: 4/8
  1713 | D:1      | Noticed Natasha
  1718 | D:1      | Killed Natasha
  1778 | D:1      | Noticed Natasha
  1786 | D:1      | Killed Natasha
  1786 | D:1      | Reached XP level 5. HP: 34/36 MP: 3/10
  2022 | D:2      | Noticed Crazy Yiuf
  2028 | D:2      | Killed Crazy Yiuf
  2363 | D:2      | Learned a level 3 spell: Vampiric Draining
  2368 | D:2      | Learned a level 4 spell: Animate Dead
  2551 | D:3      | Gained mutation: You sometimes gain a little power by taking damage. [demonic ancestry]
  2551 | D:3      | Reached XP level 6. HP: 34/42 MP: 0/12
  3340 | D:3      | Found an ancient bone altar of Kikubaaqudgha.
  3347 | D:3      | Gained mutation: You are mostly covered in sharp spines. [demonic ancestry]
  3347 | D:3      | Reached XP level 7. HP: 46/47 MP: 14/14
  3645 | D:4      | Found a burning altar of Makhleb.
  3667 | D:4      | Noticed Pikel
  3691 | D:4      | Killed Pikel
  3691 | D:4      | Reached XP level 8. HP: 25/53 MP: 2/17
  3845 | D:4      | Found a staircase to the Ecumenical Temple.
  3870 | D:4      | Noticed Grinder
  3871 | D:4      | Paralysed by Grinder for 5 turns
  3879 | Temple   | Entered the Ecumenical Temple
  3925 | Temple   | Became a worshipper of Vehumet
  3972 | D:4      | Paralysed by Grinder for 2 turns
  4171 | D:4      | Reached skill level 1 in Fighting
  4234 | D:4      | Learned a level 3 spell: Static Discharge
  4303 | D:4      | Noticed Eustachio
  4312 | D:4      | Killed Eustachio
  4312 | D:4      | Reached skill level 1 in Air Magic
  4629 | D:4      | Killed Grinder
  4629 | D:4      | Reached skill level 1 in Conjurations
  4785 | D:5      | Entered Level 5 of the Dungeon
  4979 | D:5      | Found a shattered altar of Ashenzari.
  5137 | D:5      | Gained mutation: You have very sharp fingernails. [demonic ancestry]
  5137 | D:5      | Reached XP level 9. HP: 58/59 MP: 19/19
  5322 | D:5      | Reached * piety under Vehumet
  5322 | D:5      | Offered knowledge of Shock by Vehumet.
  5325 | D:5      | Learned a level 1 spell: Shock
  5914 | D:6      | Got an ichor-stained chain mail
  5929 | D:6      | Found Ucsassar's Assorted Antiques.
  5992 | D:6      | Identified the +5 chain mail of Mumblety Peg {MR+ Slay+3} (You found it on level 6 of the Dungeon)
  6851 | D:7      | Noticed Dowan
  6853 | D:7      | Noticed Duvessa
  6859 | D:7      | Killed Duvessa
  6860 | D:7      | Killed Dowan
  7687 | D:7      | Found Tajagg's Magic Scroll Emporium.
  7690 | D:7      | Bought a scroll of identify for 26 gold pieces
  7690 | D:7      | Bought a scroll of identify for 26 gold pieces
  7690 | D:7      | Bought a scroll of identify for 26 gold pieces
  7690 | D:7      | Bought a scroll of identify for 26 gold pieces
  7690 | D:7      | Bought a scroll of identify for 26 gold pieces
  7690 | D:7      | Bought a scroll of identify for 26 gold pieces
  7973 | D:8      | Found a basalt altar of Yredelemnul.
  8005 | D:8      | Reached skill level 5 in Conjurations
  8005 | D:8      | Reached XP level 10. HP: 65/65 MP: 19/22
  8019 | D:8      | Reached ** piety under Vehumet
  8019 | D:8      | Offered knowledge of Searing Ray by Vehumet.
  8023 | D:8      | Learned a level 2 spell: Searing Ray
  8027 | D:8      | Got a polished flail
  8028 | D:8      | Identified the +8 flail "Orb Guardian's Death" {crush, +Fly rC+} (You found it on level 8 of the Dungeon)
  8102 | D:8      | Found a bloodstained altar of Trog.
  8219 | D:8      | Noticed barb4r1an's ghost (novice GrFE)
  8230 | D:8      | Killed barb4r1an's ghost
  8261 | D:8      | Found a snail-covered altar of Cheibriados.
  8700 | D:8      | Offered knowledge of Stone Arrow by Vehumet.
  8700 | D:8      | Reached skill level 1 in Shields
  8994 | D:9      | Reached *** piety under Vehumet
  9103 | D:9      | Found an oddly glowing altar of Pakellas.
  9107 | D:9      | Found an opulent altar of Gozag.
  9111 | D:9      | Found a stormy altar of Qazlal.
  9167 | D:9      | Reached skill level 5 in Air Magic
  9414 | D:9      | Offered knowledge of Inner Flame by Vehumet.
  9448 | D:9      | Killed an unseen horror
  9806 | D:9      | Noticed an ice statue
  9950 | D:9      | Learned a level 5 spell: Fireball
  9996 | D:10     | Entered Level 10 of the Dungeon
 10059 | D:10     | Noticed Joseph
 10070 | D:10     | Killed Joseph
 10070 | D:10     | Reached skill level 1 in Fire Magic
 10074 | D:10     | Noticed Snorg
 10170 | D:10     | Noticed Erica
 10173 | D:10     | Noticed a hill giant
 10180 | D:10     | Reached XP level 11. HP: 62/71 MP: 16/24
 10216 | D:9      | HP: 2/71 [something (4)]
 10217 | D:9      | Slain by Erica

Skill      XL: |  1  2  3  4  5  6  7  8  9 10 11 |
---------------+----------------------------------+-----
Necromancy     | 5 6 7 9 |  9.8
Dodging        | 2 3 |  3.8
Spellcasting   | 3 4 6 7 8 9 |  9.9
Fighting       | 1 |  1.4
Air Magic      | 2 4 5 6 |  6.0
Stealth        | 2 |  2.4
Conjurations   | 2 5 6 |  6.4
Shields        | 1 |  1.2
Fire Magic     | 1 |  1.1
Maces & Flails | |  0.8

Action                   |  1- 3 |  4- 6 |  7- 9 | 10-12 || total
-------------------------+-------+-------+-------+-------++-------
Melee: Unarmed           |     6 |       |       |       ||     6
       Club              |    15 |       |       |       ||    15
       Mace              |       |     9 |     1 |       ||    10
       Whip              |       |       |    20 |       ||    20
       Flail             |       |       |       |    32 ||    32
 Cast: Pain              |    51 |   120 |   126 |    27 ||   324
       Vampiric Draining |       |     2 |    16 |     1 ||    19
       Animate Dead      |       |     1 |     5 |     5 ||    11
       Static Discharge  |       |       |    39 |    41 ||    80
       Shock             |       |       |   113 |   149 ||   262
       Searing Ray       |       |       |       |     3 ||     3
       Fireball          |       |       |       |     3 ||     3
  Use: Potion            |     5 |     4 |     1 |     5 ||    15
       Scroll            |       |     5 |    13 |     3 ||    21
 Stab: Sleeping          |       |     1 |       |       ||     1
  Eat: Chunk             |     2 |     6 |    11 |     3 ||    22
       Bread ration      |       |       |     1 |       ||     1
       Fruit             |       |       |     1 |     5 ||     6
Armor: Robe              |     2 |    10 |    14 |    16 ||    42
Dodge: Dodged            |    15 |    36 |    51 |    55 ||   157
Block: Buckler           |     4 |    13 |    23 |    19 ||    59
